 Dungeon Crawl Stone Soup version 0.24.0-13-gcf9b319 (webtiles) character file.

Game seed: 17476519742069662809, levelgen mode: deterministic

166 ClockworkOrrery the Shield-Bearer (level 5, 0/47 HPs)
             Began as a Gnoll Fighter on Feb 14, 2020.
             Slain by a gnoll
             ... wielding a +0 spear
              (6 damage)
             ... on level 2 of the Dungeon on Feb 19, 2020.
             The game lasted 00:03:18 (1144 turns).

ClockworkOrrery the Shield-Bearer (Gnoll Fighter)   Turns: 1144, Time: 00:03:19

Health: 0/47       AC:  7    Str: 19    XL:     5   Next: 47%
Magic:  7/7        EV:  8    Int: 10    God:
Gold:   31         SH: 11    Dex: 15    Spells: 6/6 levels left

rFire    . . .     SeeInvis .   a - +0 flail
rCold    . . .     Gourm    .   c - +0 shield
rNeg     . . .     Faith    .   b - +0 scale mail
rPois    .         Spirit   .   (no helmet)
rElec    .         Reflect  .   (no cloak)
rCorr    .         Harm     .   (no gloves)
MR       .....                  (no boots)
Stlth    +.........             (no amulet)
HPRegen  0.15/turn              (no ring)
MPRegen  0.10/turn              (no ring)

@: no status effects
A: distributed training, fangs 1, strong nose
a: no special abilities


You were on level 2 of the Dungeon.
You were not hungry.

You visited 1 branch of the dungeon, and saw 2 of its levels.

You collected 31 gold pieces.

Inventory:

Hand Weapons
 a - a +0 flail (weapon)
Armour
 b - a +0 scale mail (worn)
 c - a +0 shield (worn)
Jewellery
 e - an uncursed ring of protection from fire {unknown}
Scrolls
 h - 4 scrolls of identify {unknown}
 k - a scroll of enchant armour {unknown}
 n - 2 scrolls of teleportation {unknown}
Potions
 d - a potion of might
 g - a potion of cancellation {unknown}
 j - a potion of brilliance {unknown}
 l - a potion of curing {unknown}
 m - a potion of haste
 o - 2 potions of berserk rage {unknown}
 p - a potion of resistance {unknown}
Comestibles
 f - 4 rations
 i - 6 chunks of flesh


   Skills:
 + Level 6.7 Fighting
 + Level 1.4 Short Blades
 + Level 1.4 Long Blades
 + Level 1.4 Axes
 + Level 4.8 Maces & Flails
 + Level 1.4 Polearms
 + Level 1.4 Staves
 + Level 1.4 Slings
 + Level 1.4 Bows
 + Level 1.4 Crossbows
 + Level 1.4 Throwing
 + Level 6.7 Armour
 + Level 1.4 Dodging
 + Level 1.4 Stealth
 + Level 6.7 Shields
 + Level 1.4 Unarmed Combat
 + Level 1.4 Spellcasting
 + Level 1.1 Conjurations
 + Level 1.1 Hexes
 + Level 1.1 Charms
 + Level 1.1 Summonings
 + Level 1.1 Necromancy
 + Level 1.1 Translocations
 + Level 1.1 Transmutations
 + Level 1.1 Fire Magic
 + Level 1.1 Ice Magic
 + Level 1.1 Air Magic
 + Level 1.1 Earth Magic
 + Level 1.1 Poison Magic
 + Level 1.6 Invocations
 + Level 1.4 Evocations


You had 6 spell levels left.
You didn't know any spells.
Your spell library was empty.

Dungeon Overview and Level Annotations

Branches:
Dungeon (2/15)

Altars:


Innate Abilities, Weirdness & Mutations

Your experience applies equally to all skills.
You have very sharp teeth.
Your uncanny sense of smell can sniff out nearby items.


Message History

The gnoll is almost dead.
The gnoll hits you with a cursed +0 whip.
* * * LOW HITPOINT WARNING * * *
You block the gnoll's attack.
You hit the gnoll.
You kill the gnoll!
You block the gnoll's attack. The gnoll hits you with a +0 spear.
* * * LOW HITPOINT WARNING * * *
Items here: ))) ? [ ÷ † You barely miss the gnoll.
You block the gnoll's attack. The gnoll barely misses you.
Your shield and scale mail prevent you from hitting the gnoll.
You block the gnoll's attack.
You hit the gnoll but do no damage. Your bite misses the gnoll.
You block the gnoll's attack.
You hit the gnoll.
The gnoll is heavily wounded.
The gnoll hits you with a +0 spear.
You die...

.>.....................# ∆
....##...#.####.......# lh .
.........#.# #.......## # .h
..###........####........# .##.
........................## . ...
...................##....#
..##.#######..............##.....
..............)###÷.......##.....
................@g...)....###....
#?.......######÷........(.....
#.†...........................
#.................#####.#.....
......###...........#####.#...##
........ #..............##+#...##
.........#.......................
.........#....................÷..
.........#.....>.................


You could see a gnoll.

Vanquished Creatures
  An ogre (D:2)
  3 gnolls (D:2)
  An ooze (D:1)
  2 worms (D:2)
  A leopard gecko (D:2)
  2 giant cockroaches (D:2)
  6 goblins
  5 hobgoblins
  6 jackals (D:2)
  4 kobolds
  2 bats
  4 frilled lizards
37 creatures vanquished.

Notes
Turn   | Place    | Note
-------+----------+-------------------------------------------
     0 | D:1      | ClockworkOrrery the Gnoll Fighter began the quest for the
                  | Orb.
     0 | D:1      | Reached XP level 1. HP: 23/23 MP: 1/1
   173 | D:1      | Reached XP level 2. HP: 28/29 MP: 2/2
   636 | D:2      | Reached XP level 3. HP: 35/35 MP: 3/3
   779 | D:2      | Reached skill level 1 in Invocations
   919 | D:2      | Noticed an ogre
   940 | D:2      | Killed an ogre
   940 | D:2      | Reached skill level 1 in Short Blades
   940 | D:2      | Reached skill level 1 in Long Blades
   940 | D:2      | Reached skill level 1 in Axes
   940 | D:2      | Reached skill level 1 in Polearms
   940 | D:2      | Reached skill level 1 in Staves
   940 | D:2      | Reached skill level 1 in Slings
   940 | D:2      | Reached skill level 1 in Bows
   940 | D:2      | Reached skill level 1 in Crossbows
   940 | D:2      | Reached skill level 1 in Throwing
   940 | D:2      | Reached skill level 1 in Dodging
   940 | D:2      | Reached skill level 1 in Stealth
   940 | D:2      | Reached skill level 1 in Unarmed Combat
   940 | D:2      | Reached skill level 1 in Spellcasting
   940 | D:2      | Reached skill level 1 in Conjurations
   940 | D:2      | Reached skill level 1 in Hexes
   940 | D:2      | Reached skill level 1 in Charms
   940 | D:2      | Reached skill level 1 in Summonings
   940 | D:2      | Reached skill level 1 in Necromancy
   940 | D:2      | Reached skill level 1 in Translocations
   940 | D:2      | Reached skill level 1 in Transmutations
   940 | D:2      | Reached skill level 1 in Fire Magic
   940 | D:2      | Reached skill level 1 in Ice Magic
   940 | D:2      | Reached skill level 1 in Air Magic
   940 | D:2      | Reached skill level 1 in Earth Magic
   940 | D:2      | Reached skill level 1 in Poison Magic
   940 | D:2      | Reached skill level 1 in Evocations
   940 | D:2      | Reached XP level 4. HP: 3/41 MP: 4/6
   940 | D:2      | Reached XP level 5. HP: 4/47 MP: 4/7
  1144 | D:2      | Slain by a gnoll

Levels and vault maps discovered:
D:1:      evilmike_arrival_rings, layout_rooms
D:2:      layout_basic, chequers_temple_overflow_minitemple,
          gammafunk_temple_overflow_forgotten, chequers_ecumenical_altar_simple,
          uniq_natasha

Skill      XL: |  1  2  3 |
---------------+----------+-----
Invocations    | 1 |  1.6
Short Blades   | 1 |  1.4
Long Blades    | 1 |  1.4
Axes           | 1 |  1.4
Polearms       | 1 |  1.4
Staves         | 1 |  1.4
Slings         | 1 |  1.4
Bows           | 1 |  1.4
Crossbows      | 1 |  1.4
Throwing       | 1 |  1.4
Dodging        | 1 |  1.4
Stealth        | 1 |  1.4
Unarmed Combat | 1 |  1.4
Spellcasting   | 1 |  1.4
Conjurations   | 1 |  1.1
Hexes          | 1 |  1.1
Charms         | 1 |  1.1
Summonings     | 1 |  1.1
Necromancy     | 1 |  1.1
Translocations | 1 |  1.1
Transmutations | 1 |  1.1
Fire Magic     | 1 |  1.1
Ice Magic      | 1 |  1.1
Air Magic      | 1 |  1.1
Earth Magic    | 1 |  1.1
Poison Magic   | 1 |  1.1
Evocations     | 1 |  1.4
Fighting       | |  6.7
Maces & Flails | |  4.8
Armour         | |  6.7
Shields        | |  6.7

Action                   |  1- 3 |  4- 6 || total
-------------------------+-------+-------++-------
Melee: Flail             |    94 |    42 ||   136
       Bite              |    10 |     6 ||    16
  Eat: Chunk             |       |     1 ||     1
Armor: Scale mail        |    19 |    17 ||    36
Dodge: Dodged            |    17 |    15 ||    32
Block: Shield            |    45 |    27 ||    72
